 Dungeon Crawl Stone Soup version 0.14.0-6-g1bc2dff (webtiles) character file.

986 Kejsarherre the Martial Artist (level 7, -2/52 HPs)
             Began as a Purple Draconian Transmuter on Apr 12, 2014.
             Killed from afar by an orc wizard (7 damage)
             ... with a puff of flame
             ... on Level 5 of the Dungeon.
             The game lasted 00:13:28 (4291 turns).

Kejsarherre the Martial Artist (DrTm)               Turns: 4291, Time: 00:13:29

HP  -2/52        AC  9     Str 12      XL: 7   Next: 58%
MP  12/12        EV 12     Int 14      God:
Gold 192         SH  0     Dex 12 (15) Spells:  3 memorised,  1 level left

rFire  . . .     SeeInvis .       - Unarmed
rCold  . . .     Clarity  .     (armour unavailable)
rNeg   . . .     Conserve .     (no shield)
rPois  .         rCorr    .     (helmet restricted)
rElec  .         rRot     .     n - +0 cloak
SustAb . .       Spirit   .     i - +0 pair of gloves
rMut   .         Warding  .     j - +0 pair of boots
Saprov . . .     Stasis   .     (no amulet)
MR     ++...                    y - ring of protection from magic
                                h - +2 ring of dexterity

@: very resistant to hostile enchantments, unstealthy
A: breathe power, unfitting armour, AC +6
a: Breathe Dispelling Energy


You were on level 5 of the Dungeon.
You were near starving.

You visited 1 branch of the dungeon, and saw 5 of its levels.
You also visited: Sewer.

You collected 192 gold pieces.

Inventory:

Missiles
 b - 12 arrows
Armour
 i - a +0 pair of gloves (worn)
 j - a +0 pair of boots (worn)
 n - a +0 cloak (worn)
Magical devices
 p - a wand of fire (0)
 z - a wand of slowing (12) {unknown}
Comestibles
 a - 4 bread rations
 m - 4 meat rations
 r - a cheese
 B - an apple
Scrolls
 e - a scroll of identify
 f - 2 scrolls of remove curse {unknown}
 g - a scroll of random uselessness {unknown}
 s - a scroll of magic mapping {unknown}
 t - 2 scrolls of enchant armour {unknown}
 x - 2 scrolls of fog {unknown}
 C - a scroll of blinking {unknown}
 D - a scroll of teleportation {unknown}
Jewellery
 h - a +2 ring of dexterity (left hand)
 l - a +1 ring of evasion
 o - an uncursed amulet of warding {unknown}
 v - an uncursed ring of ice
 w - an uncursed ring of protection from fire
 y - a ring of protection from magic (right hand)
Potions
 c - 2 potions of brilliance
 k - a potion of might
 q - 5 potions of curing
 A - a potion of flight
Books
 d - a book of Changes

   Spells                             Type                      Level
   *Beastly Appendage                 Transmutation                1
   Sticks to Snakes                   Transmutation                2
   *Spider Form                       Transmutation/Poison         3
   Ice Form                           Ice/Transmutation            4
   *Blade Hands                       Transmutation                5


   Skills:
 + Level 1.5 Fighting
 - Level 1.7 Dodging
 + Level 8.2 Unarmed Combat
 - Level 2.4 Spellcasting
 + Level 4.0 Transmutations


You had one spell level left.
You knew the following spells:

 Your Spells              Type           Power        Failure   Level  Hunger
a - Beastly Appendage     Trmt           ##....       4%          1    #......
b - Spider Form           Trmt/Pois      #.........   30%         3    ####...
c - Blade Hands           Trmt           ##........   95%         5    ######.


Dungeon Overview and Level Annotations

Branches:
Dungeon (5/15)             Temple (0/1) D:5

Altars:
Dithmenos
Sif Muna
Trog
The Shining One


Message History

Deactivating autopickup; reactivate with Ctrl-A.
Your transformation has ended.
You fall off the wall.
Your +0 cloak unmelds from your body.
Your +0 pair of gloves unmelds from your body.
Your +0 pair of boots unmelds from your body.
Your magical contamination has completely faded away.
There is a shadowy altar of Dithmenos here.
You start resting.
You are near starving!
You start resting.
The orc wizard gestures at you while chanting.
The magic dart hits you!
* * * LOW HITPOINT WARNING * * *
The orc wizard points at you and mumbles some strange words.
The magic dart hits you!
* * * LOW HITPOINT WARNING * * *
The orc wizard casts a spell at you. The puff of flame hits you!
One of your 2 scrolls labeled XENNOWNA THOE catches fire!
You die...

##.#### #.# #o#
#.# #.# #.#
##.#########
#....o.....######
##..####.....@..#
#...# #...####.#
#..## ##### #.#
#.## #.# #.# #.#
#.# #.# #+# #.#
#.# ####.#


You could see an orc wizard.

Vanquished Creatures
  The ghost of Alteisentier the Skirmisher, an average KoBe of Trog (D:3)
  Purgy (Sewer)
  An ogre (D:4)
  2 orc priests
  A big fish (D:4)
  3 orc wizards (D:5)
  3 worker ants
  A worker ant zombie (D:4)
  7 adders
  4 gnolls (D:4)
  A worm zombie (D:5)
  A shadow imp (D:5)
  A worm (D:2)
  2 giant eyeballs
  3 giant geckos (D:3)
  6 orcs
  11 bats
  3 giant cockroaches
  5 goblins
  10 hobgoblins
  13 kobolds
  3 quokkas
  A ball python (Sewer)
  A giant cockroach zombie (D:5)
  A giant gecko skeleton (D:4)
  4 giant newts
  7 jackals
  7 rats
104 creatures vanquished.

Notes
Turn   | Place    | Note
--------------------------------------------------------------
     0 | D:1      | Kejsarherre, the Draconian Transmuter, began the quest for the Orb.
     0 | D:1      | Reached XP level 1. HP: 16/16 MP: 3/3
   185 | D:1      | Reached XP level 2. HP: 18/23 MP: 4/4
   738 | D:1      | Reached skill level 4 in Unarmed Combat
  1126 | D:2      | Reached XP level 3. HP: 26/28 MP: 6/6
  1261 | D:2      | Found a deep blue altar of Sif Muna.
  1456 | D:2      | Found a glowing golden altar of the Shining One.
  1674 | D:3      | Noticed Alteisentier's ghost (average KoBe)
  1942 | D:3      | HP: 1/28 [Alteisentier's ghost (12)]
  2176 | D:3      | Reached XP level 4. HP: 22/35 MP: 7/7
  2241 | D:3      | Killed Alteisentier's ghost
  2241 | D:3      | Reached skill level 6 in Unarmed Combat
  2241 | D:3      | Reached XP level 5. HP: 33/40 MP: 9/9
  2248 | D:3      | Learned a level 3 spell: Spider Form
  2612 | D:4      | Reached XP level 6. HP: 44/47 MP: 10/10
  2674 | D:4      | Found a glowing drain.
  2716 | Sewer    | Entered a sewer
  2753 | Sewer    | Noticed Purgy
  2776 | Sewer    | Killed Purgy
  2776 | Sewer    | Reached skill level 7 in Unarmed Combat
  3155 | D:4      | Your scales start taking on a rich purple colour.
  3155 | D:4      | Reached XP level 7. HP: 37/52 MP: 9/12
  3209 | D:4      | Learned a level 5 spell: Blade Hands
  3451 | D:4      | Noticed an ogre
  3464 | D:4      | Killed an ogre
  3640 | D:5      | Entered Level 5 of the Dungeon
  3710 | D:5      | Found a staircase to the Ecumenical Temple.
  3766 | D:5      | Reached skill level 8 in Unarmed Combat
  4072 | D:5      | Found a bloodstained altar of Trog.
  4095 | D:5      | Found a shadowy altar of Dithmenos.
  4150 | D:5      | Paralysed by a giant eyeball for 3 turns
  4291 | D:5      | Killed from afar by an orc wizard

Action                   |  1- 3 |  4- 6 |  7- 9 || total
-------------------------+-------+-------+-------++-------
Melee: Unarmed           |   209 |   137 |    64 ||   410
 Cast: Beastly Appendage |    13 |     1 |     3 ||    17
       Spider Form       |       |     4 |     3 ||     7
 Abil: End Transformatio |       |     1 |     1 ||     2
       Breathe Dispellin |       |       |     2 ||     2
Evoke: Wand              |       |     4 |       ||     4
  Use: Scroll            |       |     4 |     1 ||     5
       Potion            |       |     1 |    10 ||    11
 Stab: Sleeping          |       |       |     1 ||     1
